 Dungeon Crawl Stone Soup version 0.26.1-2-gb8aa6d0cf2 (webtiles) character file.

Game seed: 7299527160870368562

688 windgrace the Insei (level 7, -12/53 HPs)
             Began as a Gnoll Transmuter on Feb 11, 2021.
             Mangled by Crazy Yiuf
             ... wielding a +4 quarterstaff of chaos
              (21 damage)
             ... on level 4 of the Dungeon.
             The game lasted 00:19:24 (5213 turns).

windgrace the Insei (Gnoll Transmuter)              Turns: 5213, Time: 00:19:24

Health: -12/53     AC:  3    Str: 12    XL:     7   Next: 62%
Magic:  11/15      EV: 15    Int: 16    God:
Gold:   264        SH:  0    Dex: 17    Spells: 2/17 levels left

rFire    . . .     SeeInvis +   u - +3 spear (pain)
rCold    . . .     Faith    .   (no shield)
rNeg     . . .     Spirit   .   a - +0 robe
rPois    .         Reflect  .   t - +0 helmet
rElec    .         Harm     .   (no cloak)
rCorr    .         Rampage  .   (no gloves)
Will     .....                  (no boots)
Stlth    ++........             (no amulet)
HPRegen  0.17/turn              m - ring of see invisible
MPRegen  0.14/turn              s - ring of wizardry

@: lethally poisoned (-12 -> -31), very slightly contaminated
A: distributed training, fangs 1, strong nose
a: no special abilities


You were on level 4 of the Dungeon.
You visited 1 branch of the dungeon, and saw 4 of its levels.

You collected 264 gold pieces.

Inventory:

Hand Weapons
 b - a +0 short sword
 u - a +3 spear of pain (weapon)
Armour
 a - a +0 robe (worn)
 h - a +0 leather armour
 t - a +0 helmet (worn)
Jewellery
 m - a ring of see invisible (left hand)
 s - a ring of wizardry (right hand)
Wands
 q - a wand of flame (4)
Scrolls
 e - a scroll of immolation {unknown}
 i - 9 scrolls of identify {unknown}
 j - a scroll of random uselessness {unknown}
 k - 5 scrolls of remove curse {unknown}
 l - 2 scrolls of magic mapping {unknown}
 n - 3 scrolls of teleportation {unknown}
Potions
 c - 2 potions of resistance {unknown}
 d - 4 potions of might {unknown}
 f - a potion of mutation {unknown}
 g - a potion of attraction {unknown}
 o - 2 potions of curing {unknown}
 p - a potion of heal wounds
 r - 2 potions of haste {unknown}


   Skills:
 + Level 3.7 Fighting
 + Level 2.6 Short Blades
 + Level 2.6 Long Blades
 + Level 2.6 Axes
 + Level 2.6 Maces & Flails
 + Level 2.6 Polearms
 + Level 2.6 Staves
 + Level 2.6 Slings
 + Level 2.6 Bows
 + Level 2.6 Crossbows
 + Level 2.6 Throwing
 + Level 2.6 Armour
 + Level 5.3 Dodging
 + Level 2.6 Stealth
 + Level 2.6 Shields
 + Level 7.1 Unarmed Combat
 + Level 5.7 Spellcasting
 + Level 2.1 Conjurations
 + Level 2.1 Hexes
 + Level 2.1 Summonings
 + Level 2.1 Necromancy
 + Level 2.1 Translocations
 + Level 4.4 Transmutations
 + Level 2.1 Fire Magic
 + Level 2.1 Ice Magic
 + Level 2.1 Air Magic
 + Level 2.1 Earth Magic
 + Level 2.1 Poison Magic
 + Level 2.9 Invocations
 + Level 2.6 Evocations


You had 2 spell levels left.
You knew the following spells:

 Your Spells              Type           Power        Failure   Level
a - Beastly Appendage     Tmut           36%          1%          1
b - Wereblood             Tmut           18%          1%          2
c - Spider Form           Tmut/Pois      7%           4%          3
d - Ice Form              Ice/Tmut       15%          16%         4
e - Blade Hands           Tmut           9%           26%         5

Your spell library contained the following spells:

 Spells                   Type           Power        Failure   Level


Dungeon Overview and Level Annotations

Branches:
Dungeon (4/15)
 Temple: D:4-7

Altars:

Annotations:
D:4 Crazy Yiuf


Innate Abilities, Weirdness & Mutations

Your experience applies equally to all skills.
You have very sharp teeth.
Your uncanny sense of smell can sniff out nearby items.


Message History

Crazy Yiuf says, "Trifle wrapper aubergine!"
Crazy Yiuf misses you.
You hit Crazy Yiuf. Your bite misses Crazy Yiuf.
Crazy Yiuf is severely wounded.
You feel sick.
Crazy Yiuf drinks a potion.
Crazy Yiuf is healed!
You barely miss Crazy Yiuf.
You feel sick.
Crazy Yiuf laughs, "Snurf!"
Crazy Yiuf hits you with a +4 quarterstaff of chaos!
* * * LOW HITPOINT WARNING * * *
You are lethally poisoned!
You feel much better.
You feel sick.
Crazy Yiuf hits you with a +4 quarterstaff of chaos!
Crazy Yiuf burns you.
You closely miss Crazy Yiuf.
You feel sick. Crazy Yiuf barely misses you.
You hit Crazy Yiuf but do no damage. Your bite misses Crazy Yiuf.
You feel sick.
Crazy Yiuf hits you with a +4 quarterstaff of chaos!
* * * LOW HITPOINT WARNING * * *
Space warps horribly around you!!
You die...

#####.## #.#
#..# #.. ####
##.#####.
###..# #####
###...#...
#..### #..)#
###.........
#.## #...#
#...........
#..# ...
#....#......
#..### #g#
#...........
###..# ##@#
#...........
##.# #.##
#.#.........
##.# ##.#
#.##........
#####.## #.##
#........##.
#.....# ##.##
#.....######
#####)# #..P##
#....## # #)##
#P#.P# #.....#
# ##)# ##..##
##....# # #)#
#....######...#
#


You could see Crazy Yiuf.

Vanquished Creatures
  Duvessa (D:4)
  Dowan (D:4)
  2 orc priests
  2 centaur skeletons (D:4)
  Terence (D:2)
  Jessica (D:2)
  Natasha (thrice) (D:2)
  2 orc wizards (D:4)
  Robin (D:4)
  4 gnolls (D:3)
  7 adders
  An ooze (D:2)
  2 worms (D:3)
  3 dart slugs
  3 leopard geckos
  5 orcs
  3 giant cockroaches
  13 goblins
  13 hobgoblins
  12 jackals
  8 kobolds
  3 quokkas
  2 ball pythons (D:2)
  10 bats
  2 frilled lizards
  14 rats
119 creatures vanquished.

Vanquished Creatures (others)
  2 fungi (D:4)
2 creatures vanquished.

Grand Total: 121 creatures vanquished

Notes
Turn   | Place    | Note
-------+----------+-------------------------------------------
     0 | D:1      | windgrace the Gnoll Transmuter began the quest for the Orb.
     0 | D:1      | Reached XP level 1. HP: 17/17 MP: 6/6
    15 | D:1      | Reached XP level 2. HP: 14/23 MP: 5/7
   615 | D:1      | Reached XP level 3. HP: 23/28 MP: 7/9
   712 | D:1      | Reached skill level 5 in Spellcasting
   805 | D:1      | Learned a level 2 spell: Wereblood
   809 | D:1      | Learned a level 3 spell: Spider Form
  1036 | D:1      | Reached skill level 1 in Invocations
  1360 | D:2      | Noticed Natasha
  1365 | D:2      | Reached skill level 1 in Short Blades
  1365 | D:2      | Reached skill level 1 in Long Blades
  1365 | D:2      | Reached skill level 1 in Axes
  1365 | D:2      | Reached skill level 1 in Maces & Flails
  1365 | D:2      | Reached skill level 1 in Polearms
  1365 | D:2      | Reached skill level 1 in Staves
  1365 | D:2      | Reached skill level 1 in Slings
  1365 | D:2      | Reached skill level 1 in Bows
  1365 | D:2      | Reached skill level 1 in Crossbows
  1365 | D:2      | Reached skill level 1 in Throwing
  1365 | D:2      | Reached skill level 1 in Armour
  1365 | D:2      | Reached skill level 1 in Stealth
  1365 | D:2      | Reached skill level 1 in Shields
  1365 | D:2      | Reached skill level 1 in Evocations
  1369 | D:2      | Killed Natasha
  1370 | D:2      | Reached XP level 4. HP: 26/34 MP: 8/11
  1374 | D:2      | Noticed Natasha
  1379 | D:2      | Killed Natasha
  1380 | D:2      | Reached skill level 1 in Conjurations
  1380 | D:2      | Reached skill level 1 in Hexes
  1380 | D:2      | Reached skill level 1 in Summonings
  1380 | D:2      | Reached skill level 1 in Necromancy
  1380 | D:2      | Reached skill level 1 in Translocations
  1380 | D:2      | Reached skill level 1 in Fire Magic
  1380 | D:2      | Reached skill level 1 in Ice Magic
  1380 | D:2      | Reached skill level 1 in Air Magic
  1380 | D:2      | Reached skill level 1 in Earth Magic
  1380 | D:2      | Reached skill level 1 in Poison Magic
  1386 | D:2      | Noticed Natasha
  1391 | D:2      | Killed Natasha
  1392 | D:2      | Reached XP level 5. HP: 22/40 MP: 8/12
  1572 | D:2      | Noticed Jessica
  1579 | D:2      | Killed Jessica
  1890 | D:2      | Noticed Terence
  1901 | D:2      | Killed Terence
  1907 | D:2      | Learned a level 4 spell: Ice Form
  1922 | D:2      | Reached XP level 6. HP: 47/47 MP: 8/13
  2035 | D:2      | Learned a level 5 spell: Blade Hands
  2311 | D:3      | Reached skill level 5 in Dodging
  3984 | D:4      | Noticed Dowan
  3987 | D:4      | Noticed Duvessa
  3989 | D:4      | Killed Dowan
  3990 | D:4      | Reached XP level 7. HP: 52/52 MP: 7/15
  3995 | D:4      | Killed Duvessa
  3996 | D:4      | Reached skill level 7 in Unarmed Combat
  4891 | D:4      | Noticed Robin
  4907 | D:4      | Killed Robin
  5199 | D:4      | Found a runed translucent door.
  5200 | D:4      | Noticed Crazy Yiuf
  5213 | D:4      | Mangled by Crazy Yiuf

Illustrated notes

Levels and vault maps discovered:
D:1:      saegor_arrival_simple_a, layout_loops_ring, minmay_tall_x
D:2:      layout_rooms, uniq_terence, uniq_jessica, uniq_natasha
D:3:      lemuel_upstairs_altar, layout_basic, serial_bayou_crossing
D:4:      layout_layer_cave, uniq_crazy_yiuf_cottage, uniq_duvessa, uniq_robin

Skill      XL: |  1  2  3  4  5  6  7 |
---------------+----------------------+-----
Spellcasting   | 5 |  5.7
Invocations    | 1 2 |  2.9
Short Blades   | 1 2 |  2.6
Long Blades    | 1 2 |  2.6
Axes           | 1 2 |  2.6
Maces & Flails | 1 2 |  2.6
Polearms       | 1 2 |  2.6
Staves         | 1 2 |  2.6
Slings         | 1 2 |  2.6
Bows           | 1 2 |  2.6
Crossbows      | 1 2 |  2.6
Throwing       | 1 2 |  2.6
Armour         | 1 2 |  2.6
Stealth        | 1 2 |  2.6
Shields        | 1 2 |  2.6
Evocations     | 1 2 |  2.6
Conjurations   | 1 2 |  2.1
Hexes          | 1 2 |  2.1
Summonings     | 1 2 |  2.1
Necromancy     | 1 2 |  2.1
Translocations | 1 2 |  2.1
Fire Magic     | 1 2 |  2.1
Ice Magic      | 1 2 |  2.1
Air Magic      | 1 2 |  2.1
Earth Magic    | 1 2 |  2.1
Poison Magic   | 1 2 |  2.1
Fighting       | 3 |  3.7
Transmutations | 4 |  4.4
Dodging        | 5 |  5.3
Unarmed Combat | 7 |  7.1

Action                   |  1- 3 |  4- 6 |  7- 9 || total
-------------------------+-------+-------+-------++-------
Melee: Unarmed           |    95 |   130 |    40 ||   265
       Headbutt          |     7 |     2 |     2 ||    11
       Kick              |     7 |     3 |     3 ||    13
       Bite              |     6 |     5 |     8 ||    19
       Short sword       |     3 |       |       ||     3
       Punch             |       |     3 |     1 ||     4
       Spear             |       |       |    15 ||    15
 Cast: Beastly Appendage |     7 |     4 |     1 ||    12
       Spider Form       |     4 |     6 |       ||    10
       Ice Form          |       |     5 |       ||     5
       Wereblood         |       |     4 |     2 ||     6
       Blade Hands       |       |     2 |     4 ||     6
  Use: Potion            |       |       |     1 ||     1
 Stab: Sleeping          |     5 |     1 |     2 ||     8
Armor: Robe              |    15 |    12 |     3 ||    30
       Leather armour    |     2 |       |       ||     2
       Skin              |     1 |    11 |       ||    12
Dodge: Dodged            |    77 |   118 |    27 ||   222
